 Dungeon Crawl Stone Soup version 0.25.1-2-g60ff931df9 (webtiles) character file.

Game seed: 5247687100965884991

6556 Exodus22XD the Archer (level 10, -6/89 HPs)
             Began as a Centaur Hunter on Oct 31, 2020.
             Was a Believer of Okawaru.
             Mangled by an orc knight
             ... wielding a +0 trident
              (42 damage)
             ... in a bailey.
             The game lasted 00:23:58 (12032 turns).

Exodus22XD the Archer (Centaur Hunter)             Turns: 12032, Time: 00:23:59

Health: -6/89      AC:  9    Str: 17    XL:     10   Next: 70%
Magic:  11/12      EV: 13    Int: 10    God:    Okawaru [**....]
Gold:   465        SH:  0    Dex: 11    Spells: 9/9 levels left

rFire    . . .     SeeInvis .   a - +1 shortbow
rCold    . . .     Gourm    .   (shield currently unavailable)
rNeg     . . .     Faith    .   n - +0 ring mail
rPois    +         Spirit   .   (no helmet)
rElec    .         Reflect  .   I - scarf {harm}
rCorr    +         Harm     +   D - +0 pair of gloves
MR       .....                  (no barding)
Stlth    ++........             (no amulet)
HPRegen  0.24/turn              e - ring of poison resistance
MPRegen  0.13/turn              z - ring of resist corrosion

@: heroism, very quick
A: large, hooves 3, deformed body, speed 2, tough skin 3
a: Heroism, Renounce Religion


You were in a bailey.
You worshipped Okawaru.
Okawaru was pleased with you.
You were very hungry.

You visited 2 branches of the dungeon, and saw 11 of its levels.
You also visited: Sewer, Ossuary and Bailey.

You collected 465 gold pieces.

Inventory:

Hand Weapons
 a - a +1 shortbow (weapon)
 i - a +2 dagger of speed
 B - the +9 short sword "Naommuost" {freeze, rF+ rC+ Str+6 Dex+4}
   (You took it off an orc on level 5 of the Dungeon)

   It has been specially enchanted to freeze those struck by it, causing extra
   injury to most foes and up to half again as much damage against particularly
   susceptible opponents.
   It can also slow down cold-blooded creatures.
   It affects your strength (+6).
   It affects your dexterity (+4).
   It protects you from fire.
   It protects you from cold.
Missiles
 d - 143 arrows (quivered)
Armour
 n - a +0 ring mail (worn)
 D - a +0 pair of gloves (worn)
 E - the cursed +1 chain mail of Ritax {*Corrode rPois Dex+7}
   (You took it off an orc on level 5 of the Dungeon)

   It affects your dexterity (+7).
   It protects you from poison.
   It may corrode you when you take damage.
   It has a curse placed upon it.
 I - a scarf of harm (worn)
Jewellery
 e - a ring of poison resistance (left hand)
 p - a cursed ring of teleportation {unknown}
 z - a ring of resist corrosion (right hand)
 K - an uncursed ring of positive energy {unknown}
 N - an uncursed ring of protection from cold {unknown}
Wands
 M - a wand of random effects (16)
 O - a wand of iceblast (8)
 P - a wand of acid (10)
Scrolls
 b - 3 scrolls of enchant armour {unknown}
 c - a scroll of blinking {unknown}
 h - 4 scrolls of enchant weapon {unknown}
 j - 5 scrolls of magic mapping
 q - a scroll of amnesia {unknown}
 s - 4 scrolls of identify {unknown}
 t - 5 scrolls of remove curse {unknown}
 v - 3 scrolls of immolation {unknown}
 x - 4 scrolls of fear
 y - 3 scrolls of teleportation
 H - a scroll of fog {unknown}
 J - a scroll of summoning {unknown}
Potions
 g - 2 potions of cancellation {unknown}
 k - 3 potions of ambrosia {unknown}
 l - a potion of brilliance {unknown}
 m - 6 potions of curing
 o - 4 potions of might {unknown}
 r - a potion of resistance
 u - 3 potions of flight {unknown}
 w - a potion of mutation {unknown}
 A - a potion of berserk rage {unknown}
 C - a potion of magic {unknown}
 F - 2 potions of haste {unknown}
 G - 3 potions of heal wounds {unknown}
 L - 2 potions of lignification {unknown}
Comestibles
 f - 16 rations


   Skills:
 + Level 8.3(13.3) Fighting
 + Level 10.6(15.6) Bows
 + Level 7.1(12.1) Armour
 + Level 5.6(10.6) Dodging
 - Level 0.4(5.4) Stealth
 * Level 3.8 Invocations


You had 9 spell levels left.
You didn't know any spells.
Your spell library contained the following spells:

 Spells                   Type           Power        Failure   Level  Hunger
 Corona                   Hex            #......      52%         1    ##.....
 Magic Dart               Conj           #...         52%         1    ##.....
 Blink                    Tloc           N/A          65%         2    ###....
 Call Imp                 Summ           #.......     65%         2    ###....
 Slow                     Hex            #.......     65%         2    ###....
 Conjure Flame            Conj/Fire      #.......     87%         3    ####...
 Inner Flame              Hex/Fire       #.......     87%         3    ####...
 Mephitic Cloud           Conj/Pois/Air  #.......     87%         3    ####...
 Portal Projectile        Hex/Tloc       #.....       87%         3    ####...
 Cause Fear               Hex            #.........   99%         4    #####..
 Leda's Liquefaction      Hex/Erth       #.........   99%         4    #####..


Dungeon Overview and Level Annotations

Branches:
Dungeon (10/15)            Temple (1/1) D:7           Sewer (visited)
Ossuary (visited)          Bailey (1/1)
   Lair: D:8-11         Orc: D:9-12

Altars:
Ashenzari
Cheibriados
Dithmenos
Elyvilon
Fedhas
Gozag
Hepliaklqana
Kikubaaqudgha
Makhleb
Nemelex Xobeh
Okawaru
Qazlal
Ru
Sif Muna
Trog
Uskayaw
Vehumet
Wu Jian
Xom
Yredelemnul
Zin
The Shining One
Beogh

Shops:
D:5 =   D:6 *


Innate Abilities, Weirdness & Mutations

You have hooves in place of feet.
Armour fits poorly on your strangely shaped body.
You cover ground very quickly.
You have extremely tough skin. (AC +3)


Message History

The orc knight is almost dead.
Firing (i - inventory)
d - 146 arrows (quivered)
Press: ? - help, Shift-Dir - straight line, f/p - orc knight
Aim: an orc knight, wielding a +0 trident and wearing a cursed +0 scale mail (almost dead, strong)
You shoot an arrow.
The arrow hits the orc knight but does no damage.
The orc knight is almost dead.
The orc warrior closely misses you. The orc knight misses you.
Firing (i - inventory)
d - 145 arrows (quivered)
Press: ? - help, Shift-Dir - straight line, f/p - orc knight
Aim: an orc knight, wielding a +0 trident and wearing a cursed +0 scale mail (almost dead, strong)
You shoot an arrow. The arrow barely misses the orc knight.
Firing (i - inventory)
d - 144 arrows (quivered)
Press: ? - help, Shift-Dir - straight line, f/p - orc knight
Aim: an orc knight, wielding a +0 trident and wearing a cursed +0 scale mail (almost dead, strong)
You shoot an arrow.
The arrow closely misses the orc knight.
The orc warrior hits you from afar with a cursed +0 halberd.
The orc knight hits you from afar with a +0 trident!!
You die...

### ##@## #.(.#
#o.o# ..o..).
o≈.......≈o
≈o≈≈.......≈≈o≈
≈≈≈..#...#.(≈≈≈
....##...##(((.
#### ##∩## ####


You could see an orc knight (strong) and 2 orc warriors.

Vanquished Creatures
  Harold (D:7)
  The ghost of DogServant the Conjurer, a novice TeFE of Vehumet (D:5)
  A hornet (D:9)
  4 hippogriffs
  A water moccasin (D:9)
  2 soldier ants (D:9)
  Duvessa (D:6)
  2 sky beasts
  2 ice beasts
  A phantom (D:9)
  4 ogres
  2 orc warriors
  A centaur (D:6)
  2 big kobolds
  3 elf zombies (Ossuary)
  4 bullfrogs
  Dowan (D:6)
  3 scorpions
  8 killer bees
  2 wights (D:9)
  3 howler monkeys
  4 crimson imps
  3 centaur zombies (Ossuary)
  3 bullfrog zombies
  3 jellies
  9 orc priests
  A hound (D:6)
  A quasit (D:7)
  4 bullfrog skeletons
  A gnoll shaman (D:7)
  A centaur skeleton (D:4)
  Natasha (thrice) (D:2)
  5 worker ants
  4 orc wizards
  2 big kobold zombies (Ossuary)
  3 hound zombies
  3 mummies (Ossuary)
  A worker ant zombie (D:6)
  11 gnolls
  23 adders
  4 river rats (Sewer)
  A white imp (D:9)
  2 oozes
  2 adder skeletons (D:6)
  4 adder zombies
  4 worms
  3 dart slugs
  6 leopard geckos
  35 orcs
  5 giant cockroaches
  2 gnoll zombies (Ossuary)
  6 goblins
  5 hobgoblins
  3 jackals (D:9)
  A quokka (D:2)
  6 ball pythons
  8 bats
  8 frilled lizards
  7 goblin zombies (Ossuary)
  A jackal skeleton (D:5)
  2 jackal zombies (Ossuary)
  14 kobolds
  2 kobold zombies (Ossuary)
  2 leopard gecko skeletons (D:6)
  A leopard gecko zombie (D:7)
  5 quokka zombies (Ossuary)
  29 rats
  2 rat zombies (Ossuary)
304 creatures vanquished.

Notes
Turn   | Place    | Note
-------+----------+-------------------------------------------
     0 | D:1      | Exodus22XD the Centaur Hunter began the quest for the Orb.
     0 | D:1      | Reached XP level 1. HP: 17/17 MP: 1/1
   377 | D:1      | Reached XP level 2. HP: 23/24 MP: 2/2
   611 | D:1      | Reached skill level 6 in Bows
   909 | D:1      | Reached XP level 3. HP: 29/29 MP: 3/3
  1397 | D:2      | Noticed Natasha
  1404 | D:2      | Killed Natasha
  1404 | D:2      | Reached XP level 4. HP: 30/36 MP: 4/4
  1809 | D:2      | Noticed Natasha
  1823 | D:2      | Killed Natasha
  1823 | D:2      | Reached skill level 7 in Bows
  1823 | D:2      | Reached skill level 1 in Armour
  1857 | D:2      | Noticed Natasha
  1867 | D:2      | Killed Natasha
  1867 | D:2      | Reached XP level 5. HP: 27/42 MP: 5/5
  2355 | D:3      | Found a glowing golden altar of the Shining One.
  2416 | D:3      | Found a snail-covered altar of Cheibriados.
  2617 | D:3      | Noticed an orc warrior
  2701 | D:3      | Killed an orc warrior
  2701 | D:3      | Reached XP level 6. HP: 19/50 MP: 6/6
  3495 | D:4      | Found an opulent altar of Gozag.
  4204 | D:4      | Found a shadowy altar of Dithmenos.
  4365 | D:4      | Reached XP level 7. HP: 57/57 MP: 7/7
  4618 | D:5      | Entered Level 5 of the Dungeon
  4722 | D:5      | Found Vamextom's Jewellery Shoppe.
  4845 | D:5      | Found a sand-covered staircase.
  4874 | Ossuary  | Entered an ossuary
  5423 | Ossuary  | Reached skill level 8 in Bows
  5441 | Ossuary  | Reached XP level 8. HP: 16/66 MP: 8/8
  6461 | D:5      | Found a runed translucent gate.
  6462 | D:5      | Found a runed translucent gate.
  6463 | D:5      | Found a runed translucent gate.
  6463 | D:5      | Found a roughly hewn altar of Beogh.
  6463 | D:5      | Identified the +9 short sword "Naommuost" {freeze, rF+ rC+
                  | Str+6 Dex+4}
  6463 | D:5      | Identified the cursed +1 chain mail of Ritax {*Corrode
                  | rPois Dex+7}
  6464 | D:5      | Noticed DogServant's ghost (novice TeFE)
  6651 | D:5      | Found a glowing silver altar of Zin.
  6824 | D:5      | Killed DogServant's ghost
  6824 | D:5      | Reached skill level 5 in Fighting
  6824 | D:5      | Reached skill level 9 in Bows
  7126 | D:6      | Found a glowing drain.
  7130 | Sewer    | Entered a sewer
  7333 | Sewer    | Reached skill level 5 in Armour
  7781 | D:6      | Reached XP level 9. HP: 60/75 MP: 9/9
  7782 | D:6      | Found Dabupte's Lightly-Used Armoury.
  7908 | D:6      | Found a white marble altar of Elyvilon.
  8017 | D:6      | Found a shimmering blue altar of Sif Muna.
  8089 | D:6      | Noticed Dowan
  8090 | D:6      | Noticed Duvessa
  8096 | D:6      | Killed Duvessa
  8101 | D:6      | Killed Dowan
  8304 | D:6      | Reached skill level 10 in Bows
  8868 | D:7      | Found a staircase to the Ecumenical Temple.
  8882 | Temple   | Entered the Ecumenical Temple
  8889 | Temple   | Became a worshipper of Warmaster Okawaru
  9172 | D:7      | You fall into a shaft and drop 2 floors!
  9373 | D:8      | Found a blossoming altar of Fedhas.
  9376 | D:8      | Found a stormy altar of Qazlal.
  9594 | D:7      | Noticed Harold
  9595 | D:7      | Reached skill level 1 in Invocations
  9610 | D:7      | Killed Harold
  9610 | D:7      | Reached skill level 5 in Dodging
  9610 | D:7      | Reached XP level 10. HP: 24/86 MP: 9/11
  9891 | D:7      | Found a hazy altar of Hepliaklqana.
 10018 | D:7      | Found a shimmering altar of Xom.
 10383 | D:8      | Noticed a two-headed ogre
 10634 | D:9      | Reached * piety under Okawaru
 11490 | D:9      | Reached ** piety under Okawaru
 11617 | D:9      | Paralysed by a hornet for 1 turns
 11979 | D:10     | Entered Level 10 of the Dungeon
 11981 | D:10     | Found a flagged portal.
 12010 | Bailey   | Entered a bailey
 12010 | Bailey   | Noticed an orc knight
 12020 | Bailey   | Noticed an orc knight
 12021 | Bailey   | Noticed an orc knight
 12032 | Bailey   | Mangled by an orc knight

Illustrated notes

Levels and vault maps discovered:
D:1:      scummos_arrival_star, layout_loops_ring
D:2:      layout_basic, grunt_decor_cap, minivault_14,
          kennysheep_generic_room_3, uniq_natasha
D:3:      layout_loops_cross, cheibriados_altar_1, tso_oasis_becter,
          minmay_cut_off
D:4:      layout_basic, lemuel_crystal_altar, kennysheep_mini_moat,
          serial_rivers, chequers_serial_rivers_micro_b,
          chequers_serial_rivers_small_a, chequers_serial_rivers_small_3,
          chequers_serial_rivers_small_3, chequers_serial_rivers_micro_b,
          chequers_serial_rivers_small_3, first_ration
D:5:      layout_loops_ring, nicolae_overflow_hidden_temple,
          nicolae_ossuary_entry_false_entrances, biasface_ghost_orc_armoury,
          serial_shops, shop
D:6:      layout_basic, lemuel_doored_altar, basic_altar,
          gup_sewer_entry_spiral, minmay_shop_damaged, uniq_duvessa
D:7:      layout_gridville, xom_teletrap_fun, minmay_temple_entry_waves,
          basic_altar, uniq_harold
D:8:      layout_cave_pools, grunt_temple_overflow_forces_of_nature
D:9:      layout_roguey, hangedman_pestilent_swarm, minmay_liquid_box,
          minmay_fire_ice_demons
D:10:     kennysheep_ambush_hall, layout_basic, lair_entry_dummy, david_orc_2,
          enter_bailey_6, uniq_joseph, uniq_sonja, uniq_urug
Temple:   cyrus_circular_temple
Bailey:   bailey_polearm_4, bailey

Skill      XL: |  1  2  3  4  5  6  7  8  9 10 |
---------------+-------------------------------+-----
Bows           | 6 7 8 9 10 | 10.6
Armour         | 1 2 3 4 5 6 7 |  7.1
Dodging        | 2 3 5 |  5.6
Fighting       | 3 4 5 7 8 |  8.3
Invocations    | 2 3 |  3.8
Stealth        | |  0.4

Action                   |  1- 3 |  4- 6 |  7- 9 | 10-12 || total
-------------------------+-------+-------+-------+-------++-------
Melee: Dagger            |    81 |   225 |   264 |       ||   570
       Short sword       |     8 |       |   222 |   124 ||   354
       Kick              |    17 |    52 |   137 |    40 ||   246
 Fire: Shortbow          |       |    14 |    87 |    27 ||   128
Invok: Heroism           |       |       |       |     2 ||     2
  Use: Scroll            |       |       |     4 |       ||     4
       Potion            |       |       |     2 |     1 ||     3
  Eat: Chunk             |     1 |     6 |    10 |     6 ||    23
       Ration            |       |       |     2 |       ||     2
Armor: Leather armour    |    22 |       |       |       ||    22
       Ring mail         |     5 |    57 |   190 |    48 ||   300
Dodge: Dodged            |    30 |    59 |   224 |    94 ||   407
